 Dungeon Crawl Stone Soup version 0.27-a0-223-ge082b6e869 (webtiles) character file.

Game seed: 9223681519450844884

949 iamserjio the Tainter (level 8, -8/67 HPs)
             Began as a Naga Venom Mage on Feb 1, 2021.
             Mangled by a gnoll
             ... wielding a +0 halberd
              (9 damage)
             ... on level 7 of the Dungeon.
             The game lasted 00:11:15 (1298 turns).

iamserjio the Tainter (Naga Venom Mage)             Turns: 1298, Time: 00:11:16

Health: -8/67      AC:  5    Str: 11      XL:     8   Next: 13%
Magic:  1/11       EV:  9    Int: 18      God:
Gold:   212        SH:  0    Dex:  8 (11) Spells: 1/11 levels left

rFire    + . .     SeeInvis +   j - +0 spear
rCold    x . .     Faith    .   (no shield)
rNeg     + . .     Spirit   .   a - +0 robe
rPois    +         Reflect  .   (no helmet)
rElec    .         Harm     .   x - +0 cloak
rCorr    .         Rampage  .   k - +0 pair of gloves
Will     +....                  (no barding)
Stlth    ++........             (no amulet)
HPRegen  0.21/turn              f - ring of fire
MPRegen  0.12/turn              t - ring of positive energy

@: brilliant, short of breath, very slow
A: large, see invisible, deformed body, poison resistance, slowness 2, spit
poison 1, AC +2
a: Spit Poison


You were on level 7 of the Dungeon.
You visited 1 branch of the dungeon, and saw 7 of its levels.

You collected 212 gold pieces.

Inventory:

Hand Weapons
 c - a +0 whip
 j - a +0 spear (weapon)
 p - a +1 antimagic trident
 z - a +0 flail
Missiles
 w - 12 poisoned darts
Armour
 a - a +0 robe (worn)
 k - a +0 pair of gloves (worn)
 x - a +0 cloak (worn)
Jewellery
 f - a ring of fire (left hand)
 t - a ring of positive energy (right hand)
Scrolls
 b - 3 scrolls of teleportation {unknown}
 l - a scroll of fog {unknown}
 o - 3 scrolls of identify {unknown}
 u - a scroll of enchant armour {unknown}
 y - a scroll of enchant weapon {unknown}
 B - a scroll of summoning {unknown}
Potions
 d - a potion of magic {unknown}
 h - a potion of might {unknown}
 m - a potion of haste {unknown}
 n - a potion of degeneration
 r - a potion of flight {unknown}
 s - a potion of brilliance
 v - a potion of ambrosia {unknown}
 A - a potion of cancellation {unknown}


   Skills:
 + Level 1.8 Fighting
 - Level 1.5 Dodging
 - Level 3.0 Stealth
 - Level 2.7 Unarmed Combat
 * Level 2.0 Spellcasting
 - Level 5.0 Transmutations
 - Level 2.0 Fire Magic
 - Level 9.0 Poison Magic


You had one spell level left.
You knew the following spells:

 Your Spells              Type           Power        Failure   Level
a - Sting                 Tmut/Pois      100%         1%          1
b - Poisonous Vapours     Pois/Air       54%          4%          2
c - Ignite Poison         Fire/Tmut/Pois 47%          6%          3
d - Olgreb's Toxic Radia  Pois           50%          4%          4

Your spell library contained the following spells:

 Spells                   Type           Power        Failure   Level
 Mephitic Cloud           Conj/Pois/Air  18%          16%         3


Dungeon Overview and Level Annotations

Branches:
Dungeon (7/15)
 Temple: D:4-7

Altars:
Ashenzari
Dithmenos
Yredelemnul


Innate Abilities, Weirdness & Mutations

You cannot wear boots.
Your serpentine skin is tough. (AC +2)
You have supernaturally acute eyesight. (SInv)
Armour fits poorly on your strangely shaped body.
Your system is resistant to poisons. (rPois)
You cover ground very slowly.
You can spit poison.


Message History

You feel a bit more experienced.
Casting: Sting (safe; 1% risk of failure)
Aiming: Sting (safe; 1% risk of failure)
Aim: a gnoll, wielding a +0 halberd (19% to evade)
You feel a surge of power!
The sting hits the gnoll.
The gnoll is poisoned.
The gnoll closely misses you.
Okay, then.
Okay, then.
As you read the scroll labelled VARUZO VIGRUA, it crumbles to dust.
You feel aware of your surroundings.
It was a scroll of magic mapping.
The gnoll hits you from afar with a +0 halberd!
* * * LOW HITPOINT WARNING * * *
As you read the scroll labelled LIOFUQ KEEFECWU, it crumbles to dust.
You feel blessed for a moment.
It was a scroll of remove curse.
You have got your breath back.
Aim: a gnoll, wielding a +0 halberd (moderately wounded, poisoned)
The splash of poison hits the gnoll.
The gnoll misses you.
The gnoll looks more healthy.
The gnoll hits you from afar with a +0 halberd!
You die...

,,,,,*'**,,,,,,,,,,,,,,,+,,,,,+,,
,,,,,,,*,,,,,,*****..,***,,,,,***
,*,,,,,,,**,,,* *##.#,***,,,,,* *
,*,,,,,,,,,,,,***...*,,******** *
.**'*,,,,,,,..,,,..#+*,** *
...,,,,,,##,#.#**..*,*,,*
..,,,,...,....###.#*,**,**
.#*,#.#..##.#.##..#*,**,,*
.##.#.#.......##@#**,***,**
..#.#.#...#g#.#..# *,* *,,*
..............#g##**,****,**
......[.....g...#**,*,***,,*
..#.#.#...###..##*,***,***,**
..........))...#*,** **,**,,***
..............##,** ****,**,,,***
............###******,,,*****,,,*
..........###,,*,,,,,,,,,*,,***,,


You could see a gnoll.

Vanquished Creatures
  An unseen horror (D:7)
  An ogre (D:4)
  A bullfrog (D:6)
  An orc priest (D:4)
  An iguana (D:7)
  3 orc wizards
  2 worker ants
  3 adders
  4 gnolls
  An ufetubus (D:7)
  An ooze (D:3)
  An adder skeleton (D:5)
  A worm (D:3)
  A leopard gecko (D:5)
  8 orcs
  3 giant cockroaches
  2 goblins (D:1)
  4 jackals
  3 kobolds (D:1)
  2 quokkas
  A ball python (D:1)
  5 bats
  3 frilled lizards
  A rat (D:2)
54 creatures vanquished.

Vanquished Creatures (others)
  2 toadstools (D:1)
2 creatures vanquished.

Grand Total: 56 creatures vanquished

Notes
Turn   | Place    | Note
-------+----------+-------------------------------------------
     0 | D:1      | iamserjio the Naga Venom Mage began the quest for the Orb.
     0 | D:1      | Reached XP level 1. HP: 15/15 MP: 3/3
     5 | D:2      | Noticed a sky beast
   265 | D:1      | Reached XP level 2. HP: 11/22 MP: 0/5
   395 | D:1      | Learned a level 2 spell: Poisonous Vapours
   441 | D:2      | Reached XP level 3. HP: 18/28 MP: 2/6
   514 | D:3      | Learned a level 3 spell: Ignite Poison
   543 | D:4      | Noticed an ogre
   554 | D:4      | Killed an ogre
   555 | D:4      | Reached skill level 1 in Fire Magic
   555 | D:4      | Reached skill level 5 in Poison Magic
   555 | D:4      | Reached XP level 4. HP: 29/36 MP: 0/7
   555 | D:4      | Reached XP level 5. HP: 34/42 MP: 0/8
   608 | D:5      | Entered Level 5 of the Dungeon
   627 | D:5      | Found a shadowy altar of Dithmenos.
   706 | D:4      | Reached skill level 6 in Poison Magic
   818 | D:3      | Found a broken altar of Ashenzari.
   826 | D:3      | Reached XP level 6. HP: 21/49 MP: 1/9
  1184 | D:6      | Reached skill level 7 in Poison Magic
  1184 | D:6      | Found a basalt altar of Yredelemnul.
  1264 | D:7      | Reached XP level 7. HP: 55/55 MP: 0/10
  1264 | D:7      | Noticed an unseen horror
  1281 | D:7      | Killed an unseen horror
  1282 | D:7      | Reached skill level 5 in Transmutations
  1282 | D:7      | Reached skill level 9 in Poison Magic
  1282 | D:7      | Reached skill level 1 in Fighting
  1282 | D:7      | Reached XP level 8. HP: 4/67 MP: 0/11
  1287 | D:7      | Learned a level 4 spell: Olgreb's Toxic Radiance
  1289 | D:7      | HP: 3/67 [gnoll/+0 spear (8)]
  1295 | D:7      | HP: 1/67 [gnoll/+0 halberd (7)]
  1298 | D:7      | Mangled by a gnoll

Illustrated notes

Levels and vault maps discovered:
D:1:      amcnicky_arrival_choice, layout_basic, minmay_gold_behind_fungi
D:2:      layout_loops_ring
D:3:      layout_basic, old_standard_altar, serial_co_window_serial,
          co_window_corner_a, co_window_of_opportunity_a, co_window_paths_a,
          co_window_paths_a, co_window_paths_a, co_window_paths_a,
          co_window_corner_a, co_window_unsneaky_path_e, co_window_2corner,
          co_window_broadway_b, co_window_paths_d, glass_columns_c,
          nrook_campfire
D:4:      layout_basic, kennysheep_mini, grunt_ministairs_9,
          hangedman_decor_peaks_small
D:5:      layout_basic, grunt_dithmenos_smoke, minitemple,
          minmay_temple_entry_grid, serial_shops, nicolae_shop_behind_doors
D:6:      layout_loops_ring, elyvilon_altar_1, kennysheep_mini_moat,
          basic_altar, uniq_crazy_yiuf_cottage
D:7:      minmay_the_grid_four_pointed_star
          [minmay_the_grid_triangle_9x9_minimal,
          minmay_the_grid_triangle_9x9_zippers_horizontal,
          minmay_the_grid_triangle_9x9_odd_lines,
          minmay_the_grid_triangle_9x9_corrupted_corridor,
          minmay_the_grid_prize_shrinking_boxes], layout_basic, serial_bayou,
          serial_bayou_shore_b, uniq_duvessa

Skill      XL: |  1  2  3  4  5  6  7 |
---------------+----------------------+-----
Transmutations | 2 3 4 5 |  5.0
Fire Magic     | 1 2 |  2.0
Poison Magic   | 5 6 7 9 |  9.0
Fighting       | 1 |  1.8
Unarmed Combat | 2 |  2.7
Dodging        | |  1.5
Stealth        | |  3.0
Spellcasting   | |  2.0

Action                   |  1- 3 |  4- 6 |  7- 9 || total
-------------------------+-------+-------+-------++-------
Melee: Whip              |    17 |    25 |       ||    42
       Trident           |       |     8 |       ||     8
       Spear             |       |     1 |    11 ||    12
 Cast: Sting             |    24 |    73 |     4 ||   101
       Poisonous Vapours |     3 |       |       ||     3
 Abil: Spit Poison       |     1 |     3 |     3 ||     7
  Use: Potion            |       |     1 |     5 ||     6
       Scroll            |       |       |     2 ||     2
Armor: Robe              |     6 |    22 |     1 ||    29
Dodge: Dodged            |    15 |    38 |     7 ||    60

Table legend: (Time is in decaauts)
 A = Elapsed time spent in this place.
 B = Non-inter-level travel time spent in this place.
 C = Inter-level travel time spent in this place.
 D = Time resting spent in this place.
 E = Time spent auto-exploring this place.
 F = Levels seen in this place.
 G = Mean time per level.
                   A        B        C        D        E       F      G
               +--------+--------+--------+--------+--------+-----+--------+
         Total |   1697 |   1535 |    162 |      0 |      0 |   7 |  242.4 |
       Dungeon |   1697 |   1535 |    162 |      0 |      0 |   7 |  242.4 |
               +--------+--------+--------+--------+--------+-----+--------+

Top non-repeatable levels by time:
     D:1: 530 daAuts
     D:4: 371 daAuts
     D:3: 351 daAuts
     D:2: 152 daAuts
     D:5: 128 daAuts
     D:7: 106 daAuts
     D:6: 56 daAuts
